 Dungeon Crawl Stone Soup version 0.29-a0-1027-gcd8c55af63 (webtiles) character file.

Game seed: 12324977203244196675

4300 frimble the Cutter (level 10, -4/74 HPs)
             Began as a Demonspawn Earth Elementalist on Aug 13, 2022.
             Was a Believer of Cheibriados.
             Slain by a yak (11 damage)
             ... on level 8 of the Dungeon.
             The game lasted 00:06:23 (6866 turns).

frimble the Cutter (Demonspawn Earth Elementalist)  Turns: 6866, Time: 00:06:24

Health: -4/74      AC: 10    Str: 12    XL:     10   Next: 11%
Magic:  13/13      EV: 16    Int: 23    God:    Cheibriados [**....]
Gold:   505        SH:  6    Dex: 20    Spells: 13/13 levels left

rFire   . . .      SeeInvis +   f - +3 short sword (distort)
rCold   . . .      Faith    .   o - +0 buckler
rNeg    . . .      Spirit   .   a - +0 robe
rPois   .          Reflect  .   (helmet unavailable)
rElec   .          Harm     .   (no cloak)
rCorr   .          Rampage  .   q - +0 pair of gloves
Will    .....                   F - +0 pair of boots
Stlth   ++++......              s - amulet of regeneration
HPRegen 1.02/turn               c - +4 ring of evasion
MPRegen 0.13/turn               z - +4 ring of protection

@: about to teleport, very slow
A: antennae 3, thin metallic scales 1, ignite blood 1, spiny 1
a: Renounce Religion, Bend Time


You were on level 8 of the Dungeon.
You worshipped Cheibriados.
Cheibriados was pleased with you.
You visited 2 branches of the dungeon, and saw 9 of its levels.

You collected 505 gold pieces.

Inventory:

Hand Weapons
 f - a +3 short sword of distortion (weapon)
 K - a +2 scimitar of flaming
Missiles
 G - 4 javelins
Armour
 a - a +0 robe (worn)
 o - a +0 buckler (worn)
 q - a +0 pair of gloves (worn)
 F - a +0 pair of boots (worn)
Jewellery
 c - a +4 ring of evasion (left hand)
 n - a ring of flight
 s - an amulet of regeneration (around neck)
 z - a +4 ring of protection (right hand)
 A - a ring of see invisible
 J - an amulet of guardian spirit
Wands
 y - a wand of mindburst (11)
 B - a wand of polymorph (11)
Scrolls
 d - 3 scrolls of silence
 e - a scroll of vulnerability
 p - 8 scrolls of identify
 r - 2 scrolls of teleportation
 u - 3 scrolls of fog
 v - a scroll of magic mapping
 x - a scroll of noise {unknown}
 D - a scroll of enchant armour {unknown}
 I - a scroll of immolation {unknown}
Potions
 b - 4 potions of magic
 g - 6 potions of lignification {unknown}
 h - a potion of degeneration {unknown}
 i - 5 potions of curing {unknown}
 j - 3 potions of heal wounds {unknown}
 k - a potion of ambrosia {unknown}
 l - 2 potions of resistance {unknown}
 m - 3 potions of haste {unknown}
 t - a potion of cancellation {unknown}
 w - 2 potions of flight {unknown}
 C - 2 potions of might {unknown}
 E - 2 potions of attraction {unknown}
 H - a potion of invisibility {unknown}


   Skills:
 - Level 5.0 Fighting
 + Level 7.7 Short Blades
 - Level 1.8 Dodging
 + Level 6.2 Stealth
 - Level 5.0 Shields
 - Level 2.0 Spellcasting
 - Level 1.5 Transmutations
 - Level 3.1 Earth Magic
 + Level 6.3 Evocations


You had 13 spell levels left.
You didn't know any spells.
Your spell library contained the following spells:

 Spells                   Type           Power      Damage    Failure   Level
 Sandblast                Erth           32%        2d9       4%          1
 Passwall                 Tmut/Erth      10%        N/A       10%         2
 Magic Dart               Conj           8%         1d3       16%         1
 Call Imp                 Summ           2%         N/A       24%         2
 Stone Arrow              Conj/Erth      18%        3d8       26%         3
 Mephitic Cloud           Conj/Pois/Air  2%         N/A       43%         3
 Summon Guardian Golem    Hex/Summ       2%         N/A       43%         3
 Petrify                  Tmut/Erth      13%        N/A       52%         4
 Fireball                 Conj/Fire      1%         3d3       99%         5
 Iskenderun's Battlesphe  Conj           2%         2d6       99%         5
 Conjure Ball Lightning   Conj/Air       1%         3x3d6     100%        6
 Orb of Destruction       Conj           1%         9d5       100%        7
 Spellforged Servitor     Conj/Summ      1%         N/A       100%        7


Dungeon Overview and Level Annotations

Branches:
Dungeon (8/15)             Temple (1/1) D:6
   Lair: D:8-11

Altars:
Cheibriados
Dithmenos
Fedhas
Gozag
Hepliaklqana
Kikubaaqudgha
Makhleb
Nemelex Xobeh
Okawaru
Qazlal
Sif Muna
Trog
Xom
Yredelemnul

Shops:
D:1 (   D:4 =


Innate Abilities, Weirdness & Mutations

You have a pair of large antennae on your head. (SInv)
You are partially covered in thin metallic scales. (AC +2)
Your demonic aura sometimes causes spilled blood to erupt in flames.
You are partially covered in sharp spines.


Message History

You hit the yak.
The yak is moderately wounded.
The yak blinks!
The yak gores you! x2
You hit the yak but do no damage.
Space warps around the yak.
The yak is lightly wounded.
The yak closely misses you. The yak gores you.
The yak is struck by your spines. The yak gores you but does no damage.
You puncture the yak!
Space warps around the yak.
The yak is severely wounded.
You hit the yak but do no damage.
Space warps around the yak.
The yak is almost dead.
The yak is struck by your spines. The yak misses you.
The yak is struck by your spines. The yak gores you!
The yak is struck by your spines. The yak gores you.
You hit the yak.
The yak is almost dead.
The yak blinks!
You block the yak's attack. The yak misses you.
The yak gores you but does no damage.
You hit the yak.
Space warps horribly around the yak!
The yak is severely wounded.
The yak is struck by your spines. The yak gores you.
* * * LOW HITPOINT WARNING * * *
The yak gores you but does no damage. The yak is struck by your spines.
The yak gores you.
* * * LOW HITPOINT WARNING * * *
You puncture the yak!
The yak is almost dead.
The yak blinks!
Okay, then.
Okay, then.
Unknown command.
Okay, then.
Unknown command.
Okay, then.
Unknown command.
As you read the scroll of teleportation, it crumbles to dust.
You feel strangely unstable. The yak gores you!
* * * LOW HITPOINT WARNING * * *
The yak gores you!
You die...

.. ... ...#######
####### ........#
#...... #......# #......
#......#########......
#...Y.......#..#......
#....@ยง.Y...#..######.
......Y.......#.........
..............#........#
............Y.##'#####+#
......>..#'##...........
...#######..#...........
+###........+...........
........#####...........
........#......#########


You could see 4 yaks.

Vanquished Creatures
  Erica (D:8)
  Pikel (D:8)
  Sigmund (D:6)
  A wyvern (D:8)
  2 yaks (D:8)
  A water moccasin (D:4)
  3 orc warriors
  2 ogres (D:5)
  3 lemures (D:8)
  2 centaurs
  A phantom (D:5)
  A kobold brigand (D:8)
  2 bullfrogs
  2 scorpions
  A necrophage (D:4)
  5 wights (D:8)
  3 orc priests
  3 hounds
  A gnoll bouda (D:7)
  4 jellies
  8 iguanas
  11 orc wizards
  3 gnolls (D:7)
  7 adders
  A shadow imp (D:8)
  2 white imps
  An ufetubus (D:6)
  2 worms
  2 dart slugs
  30 orcs
  5 endoplasms
  5 giant cockroaches
  8 goblins
  4 hobgoblins
  3 jackals (D:1)
  7 kobolds
  A quokka (D:2)
  7 ball pythons
  7 bats
  3 frilled lizards
  6 rats
163 creatures vanquished.

Notes
Turn   | Place    | Note
-------+----------+-------------------------------------------
     0 | D:1      | frimble the Demonspawn Earth Elementalist began the quest
                  | for the Orb.
     0 | D:1      | Reached XP level 1. HP: 13/13 MP: 3/3
   108 | D:1      | Reached skill level 1 in Transmutations
   452 | D:1      | Gained mutation: You are partially covered in thin metallic
                  | scales. (AC +2) [demonic ancestry]
   452 | D:1      | Reached XP level 2. HP: 19/19 MP: 5/5
   506 | D:1      | Found a faded altar of an unknown god.
   735 | D:1      | Found Hauto's Weapon Boutique.
   756 | D:1      | Reached skill level 1 in Short Blades
  1099 | D:2      | Gained mutation: Your demonic aura sometimes causes spilled
                  | blood to erupt in flames. [demonic ancestry]
  1099 | D:2      | Reached XP level 3. HP: 3/25 MP: 6/6
  1682 | D:2      | Reached skill level 1 in Fighting
  1898 | D:2      | Reached XP level 4. HP: 32/32 MP: 7/7
  2074 | D:2      | Reached skill level 2 in Short Blades
  2568 | D:3      | Found an iron altar of Okawaru.
  2762 | D:3      | Found a sparkling altar of Nemelex Xobeh.
  2762 | D:3      | Found an ancient bone altar of Kikubaaqudgha.
  2833 | D:3      | Reached skill level 1 in Shields
  2833 | D:3      | Gained mutation: You are partially covered in sharp spines.
                  | [demonic ancestry]
  2833 | D:3      | Reached XP level 5. HP: 19/38 MP: 8/8
  3070 | D:3      | Found a blossoming altar of Fedhas.
  3244 | D:4      | Found an opulent altar of Gozag.
  3276 | D:4      | Noticed an orc warrior
  3283 | D:5      | Entered Level 5 of the Dungeon
  3304 | D:5      | Reached skill level 3 in Short Blades
  3304 | D:5      | Gained mutation: You have a pair of small antennae on your
                  | head. [demonic ancestry]
  3304 | D:5      | Reached XP level 6. HP: 46/46 MP: 9/9
  3544 | D:5      | Reached XP level 7. HP: 50/53 MP: 10/10
  3608 | D:5      | Reached skill level 4 in Short Blades
  3985 | D:6      | Reached skill level 5 in Fighting
  3985 | D:6      | Reached XP level 8. HP: 62/62 MP: 11/11
  4112 | D:6      | Found a staircase to the Ecumenical Temple.
  4384 | D:6      | Reached skill level 5 in Short Blades
  4384 | D:6      | Reached skill level 1 in Evocations
  4390 | D:6      | Noticed Sigmund
  4396 | D:6      | Killed Sigmund
  4439 | Temple   | Entered the Ecumenical Temple
  4446 | Temple   | Became a worshipper of Cheibriados the Contemplative
  5163 | D:7      | Reached skill level 5 in Shields
  5839 | D:4      | Reached skill level 6 in Short Blades
  5844 | D:4      | Gained mutation: You have a pair of antennae on your head.
                  | [demonic ancestry]
  5844 | D:4      | Reached XP level 9. HP: 60/68 MP: 12/12
  5882 | D:4      | Reached * piety under Cheibriados
  6032 | D:4      | Found Duagh's Jewellery Shop.
  6427 | D:8      | Found a bloodstained altar of Trog.
  6538 | D:8      | Noticed Pikel
  6550 | D:8      | Reached ** piety under Cheibriados
  6640 | D:8      | Killed Pikel
  6641 | D:8      | Reached skill level 7 in Short Blades
  6641 | D:8      | Reached skill level 5 in Stealth
  6641 | D:8      | Reached skill level 5 in Evocations
  6837 | D:8      | Noticed Erica
  6845 | D:8      | Killed Erica
  6846 | D:8      | Gained mutation: You have a pair of large antennae on your
                  | head. (SInv) [demonic ancestry]
  6846 | D:8      | Reached XP level 10. HP: 72/74 MP: 13/13
  6866 | D:8      | Slain by a yak

Illustrated notes

Levels and vault maps discovered:
D:1:      wander_arrival_lonely_grave, layout_rooms, serial_shops,
          nicolae_shop_bloodbath_and_beyond, chequers_ecumenical_altar_lobes,
          roderic_serpentine_path
D:2:      minmay_evil_eye, layout_basic, serial_park_tiny_2
D:3:      layout_rooms, lemuel_crystal_altar, lemuel_tele_altar,
          gammafunk_temple_overflow_statue, hangedman_decor_points,
          bh_walls_and_bars
D:4:      layout_basic, grunt_gozag_breadcrumbs, serial_shops,
          nicolae_shop_crystal, lemuel_another_geyser
D:5:      layout_cave_pools
D:6:      layout_layer_cave, minmay_temple_entry_steel_oval, uniq_sigmund
D:7:      layout_loops_ring
D:8:      layout_gridville, trog_butcher_becter, uniq_erica, uniq_pikel,
          uniq_joseph
Temple:   eino_temple_lava

Skill      XL: |  1  2  3  4  5  6  7  8  9 |
---------------+----------------------------+-----
Transmutations | 1 |  1.5
Earth Magic    | 3 |  3.1
Short Blades   | 1 2 3 4 6 7 |  7.7
Fighting       | 1 2 3 5 |  5.0
Shields        | 1 2 3 4 5 |  5.0
Evocations     | 3 6 |  6.3
Stealth        | 3 6 |  6.2
Dodging        | |  1.8
Spellcasting   | |  2.0

Action                   |  1- 3 |  4- 6 |  7- 9 | 10-12 || total
-------------------------+-------+-------+-------+-------++-------
Melee: Short sword       |    81 |   102 |   211 |    18 ||   412
       Punch             |     1 |     2 |     3 |       ||     6
 Cast: Sandblast         |     9 |       |       |       ||     9
Evoke: Wand              |       |       |     4 |       ||     4
  Use: Scroll            |     3 |     1 |     5 |     1 ||    10
 Stab: Sleeping          |     7 |     2 |    13 |       ||    22
       Distracted        |       |       |     1 |       ||     1
Armor: Robe              |    56 |    28 |    30 |     7 ||   121
Dodge: Dodged            |    85 |    77 |   145 |     8 ||   315
Block: Buckler           |       |       |    42 |     2 ||    44

Table legend: (Time is in decaauts)
 A = Elapsed time spent in this place.
 B = Non-inter-level travel time spent in this place.
 C = Inter-level travel time spent in this place.
 D = Time resting spent in this place.
 E = Time spent auto-exploring this place.
 F = Levels seen in this place.
 G = Mean time per level.
                   A        B        C        D        E       F      G
               +--------+--------+--------+--------+--------+-----+--------+
         Total |   7554 |   7215 |    339 |    100 |   5980 |   9 |  839.3 |
       Dungeon |   7537 |   7214 |    323 |    100 |   5980 |   8 |  942.1 |
        Temple |     16 |      1 |     15 |      0 |      0 |   1 |   16.0 |
               +--------+--------+--------+--------+--------+-----+--------+

Top non-repeatable levels by time:
     D:2: 1485 daAuts
     D:6: 1311 daAuts
     D:1: 1094 daAuts
     D:7: 898 daAuts
     D:4: 891 daAuts
     D:5: 716 daAuts
     D:3: 576 daAuts
     D:8: 563 daAuts
  Temple: 16 daAuts
